AoeStats
← Governor

African Clearing

510297558Analyzed
4v4 RM · 9h ago on Sep 30, 2026· 47m 59s· 8 players
Game mode
Random Map
Map size
Large (8 player)
Population
200
Speed
Normal
Resources
Standard
Victory
Conquest
Starting age
Dark Age
Ending age
Imperial Age
RankedLock teamsTeams togetherTeam positionsShared explorationLock speedFull tech treeHidden civsTurbo modeCheats
Victory
Defeat
🇪🇸 Japanese · Spain
1057
+15
🇬🇧 Huns · United Kingdom
1017
+16
🇨🇿 Dravidians · Czechia
955
+19
🇹🇷 Spanish · Türkiye
910
+20
🇨🇳 Koreans · China
1080
-20
🇹🇼 Japanese · Taiwan
1049
-19
🇨🇳 Franks · China
992
-16
🇨🇳 Vikings · China
962
-44
随风
小皇
12:09 Loom
15:04 Feudal Age
15:52 Double-Bit Axe
16:51 Fishing Lines
21:57 Castle Age
26:25 Forging
26:15 Scale Mail Armor
26:52 Gold Mining
27:05 Squires
26:51 Arson
28:24 Iron Casting
28:30 Chain Mail Armor
31:07 Gillnets
31:13 Gillnets
37:48 Imperial Age
36:00 Demolition Ship
37:51 Elite Samurai
39:40 Plate Mail Armor
40:05 Conscription
41:38 Blast Furnace
李哥7758
7:20 Loom
10:42 Loom
15:03 Feudal Age
20:06 Castle Age
19:47 Stone Mining
19:45 Double-Bit Axe
21:50 Wheelbarrow
22:27 Horse Collar
32:05 Ballistics
35:53 Imperial Age
33:35 Gold Mining
35:23 Gold Shaft Mining
35:23 Stone Shaft Mining
35:23 Gold Shaft Mining
35:44 Fletching
36:11 Bow Saw
36:02 Heavy Plow
36:22 Bodkin Arrow
36:46 Elite War Wagon
38:35 Hand Cart
43:31 Bracer
44:26 Scale Mail Armor
44:36 Forging
47:29 Squires
49:04 Chemistry
Governor
Lampy
12:01 Loom
14:50 Feudal Age
20:28 Castle Age
21:40 Scale Barding Armor
21:45 Forging
21:50 Bloodlines
21:40 Husbandry
22:27 Wheelbarrow
21:58 Horse Collar
30:24 Hand Cart
29:55 Town Watch
30:37 Double-Bit Axe
31:28 Chain Barding Armor
32:07 Gold Mining
33:19 Bow Saw
33:18 Heavy Plow
34:40 Fervor
35:11 Iron Casting
38:48 Imperial Age
38:57 Cavalier
40:15 Plate Barding Armor
40:40 Blast Furnace
41:48 Ballistics
42:28 Chemistry
43:39 Paladin
46:06 Fletching
46:14 Murder Holes
46:30 Masonry
46:53 Bodkin Arrow
48:32 Conscription
Morias1stt
12:22 Loom
14:28 Feudal Age
18:50 Bloodlines
23:23 Castle Age
21:33 Scale Barding Armor
21:20 Double-Bit Axe
21:17 Horse Collar
21:33 Stone Mining
23:37 Gold Mining
24:12 Light Cavalry
26:37 Bow Saw
31:19 Wheelbarrow
31:18 Ballistics
33:51 Fishing Lines
39:54 Imperial Age
37:19 Gillnets
40:03 Elite Conquistador
42:48 Conscription
43:22 Hand Cart
42:56 Town Watch
45:31 Murder Holes
beatchahuan7
10:36 Loom
14:00 Feudal Age
14:29 Double-Bit Axe
15:21 Wheelbarrow
18:44 Castle Age
19:55 Bow Saw
21:54 Husbandry
22:16 Horse Collar
24:01 Forging
25:25 Gold Mining
25:43 Stone Mining
29:30 Scale Mail Armor
30:53 Treadmill Crane
32:27 Gold Shaft Mining
32:29 Iron Casting
32:09 Chain Mail Armor
32:59 Hand Cart
37:08 Imperial Age
35:08 Fletching
35:06 Arson
35:21 Squires
35:06 Gambesons
37:11 Bodkin Arrow
39:11 Blast Furnace
38:41 Plate Mail Armor
39:12 Two-Man Saw
37:47 Elite Samurai
39:53 Conscription
40:32 Heavy Plow
41:12 Bracer
41:15 Town Watch
42:10 Fortified Wall
42:28 Town Patrol
46:30 Murder Holes
47:36 Chemistry
46:57 Ballistics
píno
4:59 Loom
13:40 Feudal Age
16:32 Padded Archer Armor
16:23 Fletching
16:33 Scale Mail Armor
16:39 Scale Barding Armor
16:44 Forging
16:18 Horse Collar
16:27 Double-Bit Axe
19:11 Gold Mining
19:12 Stone Mining
22:17 Castle Age
23:23 Leather Archer Armor
23:03 Bodkin Arrow
23:11 Heavy Plow
23:29 Bow Saw
25:38 Wheelbarrow
24:49 Town Watch
26:43 Iron Casting
26:25 Chain Mail Armor
27:46 Ballistics
29:59 Hand Cart
33:15 Town Patrol
38:39 Imperial Age
38:33 Medical Corps
40:20 Chemistry
39:23 Bracer
39:53 Ring Archer Armor
39:46 Chain Barding Armor
40:42 Elite Elephant Archer
43:37 Blast Furnace
45:14 Two-Man Saw
45:08 Husbandry
46:46 Fortified Wall
46:47 Masonry
47:15 Hoardings
47:01 Conscription
Connection lost

Rejoining the realm…

Still unreachable

The connection could not be restored.

Session expired

The server has moved on; the page needs a fresh start.